 Dungeon Crawl Stone Soup version 0.22-a0-614-g34fbaa0 (webtiles) character file.

1983 Lianjan the Covert (level 9, 0/39 HPs)
             Began as a Spriggan Enchanter on July 11, 2018.
             Was a Believer of Ashenzari.
             Killed from afar by an orc wizard (3 damage)
             ... with a magic dart
             ... on level 6 of the Dungeon.
             The game lasted 00:20:03 (6566 turns).

Lianjan the Covert (Spriggan Enchanter)             Turns: 6566, Time: 00:20:04

Health: 0/39       AC:  4    Str: 11    XL:     9   Next: 1%
Magic:  2/19       EV: 18    Int: 16    God:    Ashenzari [**....]
Gold:   280        SH:  0    Dex: 17    Spells: 3/20 levels left

rFire    . . .     SeeInvis +   t - +7 dagger of Floods {speed, Str+4} (curse)
rCold    + . .     Gourm    .   (shield restricted)
rNeg     + . .     Faith    .   b - +1 robe (curse)
rPois    .         Spirit   .   (helmet restricted)
rElec    .         Reflect  .   p - +0 cloak
rCorr    .         Harm     .   (gloves unavailable)
MR       +....                  (boots unavailable)
Stlth    +++++.....             (no amulet)
HPRegen  0.13/turn              n - ring of protection from cold
MPRegen  0.16/turn              u - ring of positive energy

@: very slightly contaminated, very quick
A: very small, unfitting armour, see invisible, herbivore, speed 3, slow
metabolism 2
a: Curse Item, Scrying, Renounce Religion


You were on level 6 of the Dungeon.
You worshipped Ashenzari.
Ashenzari was pleased with you.
You were not hungry.

You visited 2 branches of the dungeon, and saw 7 of its levels.

You collected 280 gold pieces.

Inventory:

Hand Weapons
 t - the cursed +7 dagger of Floods (weapon) {speed, Str+4}
   (You found it on level 4 of the Dungeon)

   Attacks with this weapon are significantly faster.
   It affects your strength (+4).
   It has a curse placed upon it.
Armour
 b - a cursed +1 robe (worn)
 p - a +0 cloak (worn)
Jewellery
 n - a ring of protection from cold (left hand)
 u - a ring of positive energy (right hand)
Wands
 a - a wand of flame (34)
 q - a wand of polymorph (9)
 r - a wand of random effects (15)
Scrolls
 c - a scroll of fear
 e - a scroll of fog {unknown}
 j - a scroll of identify
 l - 3 scrolls of magic mapping
 m - a scroll of enchant weapon
Potions
 f - 2 potions of heal wounds
 g - a potion of brilliance {unknown}
 h - 4 potions of curing
 i - a potion of cancellation {unknown}
 v - a potion of degeneration {unknown}
Comestibles
 d - 4 rations


   Skills:
 - Level 7.7(10.0) Short Blades
 + Level 3.3 Dodging
 + Level 10.2 Stealth
 + Level 6.4 Spellcasting
 + Level 7.3 Hexes


You had 3 spell levels left.
You knew the following spells:

 Your Spells              Type           Power        Failure   Level  Hunger
a - Corona                Hex            ####...      1%          1    None
b - Ensorcelled Hibernat  Hex/Ice        ###...       4%          2    None
c - Confuse               Hex            ####....     1%          3    ##.....
d - Tukima's Dance        Hex            ####....     1%          3    ##.....
e - Dazzling Spray        Conj/Hex       ###...       9%          3    ##.....
f - Metabolic Englaciati  Hex/Ice        ###.......   63%         5    #####..

Your spell library contained the following spells:

 Spells                   Type           Power        Failure   Level  Hunger
 Magic Dart               Conj           #...         13%         1    None
 Conjure Flame            Conj/Fire      #.......     36%         3    ##.....
 Slow                     Hex            ####....     1%          2    None
 Mephitic Cloud           Conj/Pois/Air  #.......     36%         3    ##.....
 Blink                    Tloc           N/A          21%         2    None
 Call Imp                 Summ           #.......     21%         2    None
 Confusing Touch          Hex            ####..       1%          1    None
 Petrify                  Tmut/Erth      #.......     78%         4    ####...
 Gell's Gravitas          Tloc           #.........   36%         3    ##.....
 Yara's Violent Unravell  Hex/Tmut       ###.......   63%         5    #####..


Dungeon Overview and Level Annotations

Branches:
Dungeon (6/15)             Temple (1/1) D:4

Altars:
Ashenzari
Dithmenos
Elyvilon
Fedhas
Gozag
Kikubaaqudgha
Nemelex Xobeh
Qazlal
Ru
Sif Muna
Trog
Uskayaw
Vehumet
Xom
Yredelemnul
Zin
The Shining One

Annotations:
D:4 1 runed door, LucyFreshmuffins's ghost, novice TeFi


Innate Abilities, Weirdness & Mutations

You are very small and have problems with some larger weapons.
You are too small for most types of armour.
You have supernaturally acute eyesight. (SInv)
You are a herbivore.
You cover ground extremely quickly.
You need to consume almost no food.


Message History

Aim: an orc priest, wielding a trident (chance to defeat MR: 47%)
The orc priest resists with some effort.
The orc priest mumbles some strange prayers to Beogh against you.
Beogh smites you!
* * * LOW HITPOINT WARNING * * *
Casting: Ensorcelled Hibernation (safe; 4% risk of failure)
Confirm with . or Enter, or press ? or * to list all spells.
Aiming: Ensorcelled Hibernation (safe; 4% risk of failure)
Press: ? - help, Shift-Dir - straight line, f/p - orc priest
Aim: an orc priest, wielding a trident (chance to defeat MR: 47%)
The orc priest resists with some effort.
Casting: Ensorcelled Hibernation (safe; 4% risk of failure)
Confirm with . or Enter, or press ? or * to list all spells.
Aiming: Confuse (safe; 1% risk of failure)
Press: ? - help, Shift-Dir - straight line, f/p - orc priest
Aim: an orc priest, wielding a trident (chance to defeat MR: 57%)
The orc priest appears confused.
The orc wizard points at you and mumbles some strange words.
The magic dart hits you!
You die...

, ,
#####################*
#.....................
,
#......†..............
#...<.................
,
#.....................
, ,,
#.....................
#.....................
,
#...........@...o.....
#...............o...).
##'###############'###
,, #.....#, , , , . ,
, , #..<..+ , ,*
#.....#, , ,,* , ,
#.....#, , , * , , ,
#######* * * + **, , *
,


You could see an orc priest (confused) and an orc wizard.

Vanquished Creatures
  A two-headed ogre (D:5)
  Eustachio (D:5)
  Menkaure (D:5)
  A water moccasin (D:5)
  An ice beast (D:5)
  A phantom (D:5)
  A black bear (D:6)
  An ogre (D:4)
  Blork the orc (D:4)
  A crimson imp (D:5)
  2 hounds (D:4)
  2 orc wizards (D:5)
  Crazy Yiuf (D:3)
  Natasha (D:3)
  An iguana (D:3)
  5 worker ants
  A hound skeleton (D:4)
  Robin (D:3)
  A worker ant zombie (D:5)
  7 adders
  2 oozes
  3 worms
  3 dart slugs
  7 leopard geckos
  16 orcs
  5 giant cockroaches
  12 goblins
  7 hobgoblins
  3 jackals (D:5)
  4 quokkas
  A ball python (D:3)
  6 bats
  2 frilled lizards
  8 kobolds
  A quokka zombie (D:5)
  6 rats
118 creatures vanquished.

Notes
Turn   | Place    | Note
-------+----------+-------------------------------------------
     0 | D:1      | Lianjan the Spriggan Enchanter began the quest for the Orb.
     0 | D:1      | Reached XP level 1. HP: 9/9 MP: 5/5
   274 | D:1      | Reached XP level 2. HP: 13/13 MP: 6/6
   282 | D:1      | Reached skill level 5 in Stealth
   438 | D:1      | Learned a level 2 spell: Ensorcelled Hibernation
   987 | D:2      | Found a shattered altar of Ashenzari.
  1004 | D:2      | Became a worshipper of Ashenzari the Shackled
  1082 | D:2      | Reached XP level 3. HP: 13/16 MP: 2/8
  1179 | D:2      | Learned a level 3 spell: Confuse
  1847 | D:2      | Reached skill level 6 in Stealth
  2214 | D:2      | Reached XP level 4. HP: 21/21 MP: 9/9
  2340 | D:3      | Found a radiant altar of Vehumet.
  2341 | D:3      | Found a bloodstained altar of Trog.
  3450 | D:3      | Found a runed door.
  3500 | D:3      | Noticed Crazy Yiuf
  3511 | D:3      | Killed Crazy Yiuf
  3511 | D:3      | Reached XP level 5. HP: 24/24 MP: 5/10
  3654 | D:3      | Reached skill level 7 in Stealth
  3948 | D:3      | Noticed Natasha
  3951 | D:3      | Killed Natasha
  4038 | D:3      | Reached * piety under Ashenzari
  4060 | D:3      | Noticed Robin
  4079 | D:3      | Killed Robin
  4309 | D:4      | Noticed Blork the orc
  4312 | D:4      | Reached XP level 6. HP: 28/28 MP: 12/12
  4317 | D:4      | Killed Blork the orc
  4317 | D:4      | Reached skill level 5 in Hexes
  4326 | D:4      | Identified the +6 hunting sling of Light {venom, rF+ Str+3 Int-5 Dex+4}
  4327 | D:4      | Found a runed door.
  4327 | D:4      | Noticed LucyFreshmuffins's ghost (novice TeFi)
  4411 | D:4      | Identified the +7 dagger of Floods {speed, Str+4}
  4697 | D:4      | Found a staircase to the Ecumenical Temple.
  4753 | D:4      | Reached skill level 8 in Stealth
  4753 | D:4      | Reached XP level 7. HP: 32/32 MP: 2/14
  4758 | D:4      | Learned a level 3 spell: Tukima's Dance
  4762 | D:4      | Learned a level 3 spell: Dazzling Spray
  4837 | Temple   | Entered the Ecumenical Temple
  5481 | D:5      | Entered Level 5 of the Dungeon
  5500 | D:5      | Noticed Menkaure
  5504 | D:5      | Killed Menkaure
  5504 | D:5      | Reached skill level 5 in Short Blades
  5528 | D:5      | Reached ** piety under Ashenzari
  5661 | D:5      | Noticed Eustachio
  5686 | D:5      | Killed Eustachio
  5686 | D:5      | Reached skill level 5 in Spellcasting
  5692 | D:5      | Reached XP level 8. HP: 25/36 MP: 7/16
  5758 | D:5      | Reached skill level 9 in Stealth
  5806 | D:5      | Noticed a two-headed ogre
  5818 | D:5      | Killed a two-headed ogre
  6062 | D:5      | Reached skill level 10 in Stealth
  6321 | D:5      | Learned a level 5 spell: Metabolic Englaciation
  6542 | D:6      | Reached XP level 9. HP: 39/39 MP: 16/19
  6566 | D:6      | Killed from afar by an orc wizard

Vault maps used:
D:1:      scummos_arrival_forest, st_stairs_8
D:2:      overflow_temple_1_default, roderic_lattice_a
D:3:      chequers_temple_overflow_statue_of_worship, first_ration,
          grunt_decor_resistance, uniq_crazy_yiuf_cottage, uniq_robin,
          uniq_natasha
D:4:      minmay_temple_entry_glass, gammafunk_ghost_grave, uniq_blork_the_orc
D:5:      uniq_menkaure, uniq_eustachio
D:6:      kennysheep_mini
Temple:   dpeg_chambers_temple

Skill      XL: |  1  2  3  4  5  6  7  8 |
---------------+-------------------------+-----
Stealth        | 5 6 7 8 10 | 10.2
Hexes          | 4 5 6 7 |  7.3
Short Blades   | 2 3 4 6 7 |  7.7
Spellcasting   | 3 4 5 6 |  6.4
Dodging        | |  3.3

Action                   |  1- 3 |  4- 6 |  7- 9 || total
-------------------------+-------+-------+-------++-------
Melee: Dagger            |    69 |   143 |    77 ||   289
 Cast: Corona            |     1 |       |       ||     1
       Ensorcelled Hiber |    25 |    47 |    27 ||    99
       Confuse           |       |       |     3 ||     3
Invok: Curse Item        |     1 |     1 |     1 ||     3
  Use: Scroll            |       |       |    10 ||    10
 Stab: Sleeping          |    27 |    44 |    13 ||    84
       Distracted        |     1 |     1 |       ||     2
       Confused          |       |       |     3 ||     3
  Eat: Ration            |       |     3 |     1 ||     4
Armor: Robe              |     2 |    10 |     3 ||    15
Dodge: Dodged            |    38 |   113 |    27 ||   178

Table legend:
 A = Spawn XP
 B = Non-spawn XP
 C = Spawn XP percentage of total XP
 D = Spawn monster count
 E = Non-spawn monster count
 F = Spawn count percentage of total count
 G = Total turns spent on level
                    A         B        C        D         E        F      G
               +---------+---------+-------+---------+---------+-------+---------
         Total |       0 |    2834 |   0.0 |       0 |     118 |   0.0 |  6566
               +---------+---------+-------+---------+---------+-------+---------
           D:1 |       0 |      32 |   0.0 |       0 |      16 |   0.0 |   848
           D:2 |       0 |      71 |   0.0 |       0 |      20 |   0.0 |  1420
           D:3 |       0 |     261 |   0.0 |       0 |      41 |   0.0 |  1926
           D:4 |       0 |     470 |   0.0 |       0 |      15 |   0.0 |  1074
           D:5 |       0 |    1876 |   0.0 |       0 |      25 |   0.0 |  1047
           D:6 |       0 |     124 |   0.0 |       0 |       1 |   0.0 |    38
               +---------+---------+-------+---------+---------+-------+---------
